 Dungeon Crawl Stone Soup version 0.28-a0-750-g7c675f85b1 (webtiles) character file.

Game seed: 6809817226785894864

380 Shploik the Chopper (level 6, -5/57 HPs)
             Began as a Minotaur Berserker on Oct 29, 2021.
             Was a Priest of Trog.
             Slain by an orc warrior (7 damage)
             ... on level 7 of the Dungeon.
             The game lasted 00:14:34 (4424 turns).

Shploik the Chopper (Minotaur Berserker)            Turns: 4424, Time: 00:14:35

Health: -5/57      AC:  0    Str: 24    XL:     6   Next: 46%
Magic:  5/5        EV:  8    Int:  4    God:    Trog [***...]
Gold:   154        SH: 10    Dex:  9    Spells: 5/5 levels left

rFire   . . .      SeeInvis .   a - +0 hand axe
rCold   . . .      Faith    .   h - +0 tower shield
rNeg    . . .      Spirit   .   (no armour)
rPois   .          Reflect  .   (helmet restricted)
rElec   .          Harm     .   (no cloak)
rCorr   .          Rampage  .   (no gloves)
Will    .....                   (no boots)
Stlth   +.........              (no amulet)
HPRegen 0.19/turn               (no ring)
MPRegen 0.09/turn               (no ring)

@: no status effects
A: horns 2, retaliatory headbutt
a: Renounce Religion, Berserk, Trog's Hand


You were on level 7 of the Dungeon.
You worshipped Trog.
Trog was most pleased with you.
You visited 1 branch of the dungeon, and saw 5 of its levels.

You collected 154 gold pieces.

Inventory:

Hand Weapons
 a - a +0 hand axe (weapon)
Armour
 b - a +0 animal skin
 h - a +0 tower shield (worn)
 j - a +0 scale mail
Jewellery
 l - a +6 ring of dexterity
Scrolls
 e - 2 scrolls of teleportation
 i - a scroll of magic mapping
 k - a scroll of immolation {unknown}
Potions
 c - a potion of lignification {unknown}
 d - 2 potions of heal wounds {unknown}
 f - 3 potions of curing
 g - a potion of magic


   Skills:
 + Level 5.7 Fighting
 + Level 6.2 Axes
 + Level 2.7 Armour
 + Level 3.3 Dodging
 + Level 0.6 Stealth
 + Level 2.3 Shields


You had 5 spell levels left.
You didn't know any spells.
Your spell library was empty.

Dungeon Overview and Level Annotations

Branches:
Dungeon (4/15)
 Temple: D:4-7

Altars:
Ashenzari

Shops:
D:3 =

Annotations:
D:7 Joseph


Innate Abilities, Weirdness & Mutations

You have a pair of horns on your head.
You reflexively headbutt those who attack you in melee.


Message History

You kill the bullfrog!
Trog accepts your kill.
Joseph shoots a sling bullet.
The sling bullet hits you!!
An orc warrior comes into view. It is wielding a +0 hand axe.
Joseph zaps a wand.
The puff of flame misses you.
Your Axes skill increases to level 6!
The orc warrior shouts!
You slash the bullfrog skeleton! You headbutt the bullfrog skeleton.
The bullfrog skeleton is moderately damaged.
The bullfrog skeleton barely misses you.
You furiously retaliate!
You headbutt the bullfrog skeleton.
The bullfrog skeleton barely misses you.
You furiously retaliate!
You headbutt the bullfrog skeleton. You hit the bullfrog skeleton.
Your headbutt misses the bullfrog skeleton.
The bullfrog skeleton is severely damaged.
You block the bullfrog skeleton's attack.
Joseph shoots a sling bullet.
The sling bullet hits you!
* * * LOW HITPOINT WARNING * * *
The bullfrog skeleton hits you!
* * * LOW HITPOINT WARNING * * *
You slash the bullfrog skeleton!
Your headbutt misses the bullfrog skeleton.
The bullfrog skeleton is almost destroyed.
You block the bullfrog skeleton's attack.
Joseph shoots a sling bullet.
You block the sling bullet.
You hit the bullfrog skeleton.
You destroy the bullfrog skeleton!
Trog accepts your kill.
Joseph shoots a sling bullet.
The sling bullet hits you.
* * * LOW HITPOINT WARNING * * *
You closely miss the orc warrior.
An orc comes into view. It is wielding a +0 club.
You block the orc warrior's attack.
The orc shouts!
You hit the orc warrior.
The orc warrior is lightly wounded.
You barely miss the orc. The orc barely misses you.
The orc warrior hits you with a +0 hand axe!
You die...

...... ...... ......
#...... ###.......
......... #
#######o....o..
#..###.....@o@......
#...................
######.######.......
###### #.# ####### #.....
###.# #..... ##...# #.....
#..##################.....
#...............).........
#####################....<


You could see Joseph, an orc warrior and 2 orcs.

Vanquished Creatures
  A phantom (D:2)
  A bullfrog (D:7)
  A scorpion (D:4)
  A jelly (D:1)
  A bullfrog skeleton (D:7)
  Terence (D:3)
  An adder (D:3)
  3 worms
  2 dart slugs
  An orc (D:3)
  5 endoplasms
  3 giant cockroaches (D:1)
  6 goblins
  4 hobgoblins
  6 jackals (D:1)
  3 kobolds
  5 quokkas
  7 ball pythons
  6 bats
  3 frilled lizards
  22 rats
83 creatures vanquished.

Notes
Turn   | Place    | Note
-------+----------+-------------------------------------------
     0 | D:1      | Shploik the Minotaur Berserker began the quest for the Orb.
     0 | D:1      | Reached XP level 1. HP: 19/19 MP: 0/0
     1 | D:1      | Found a runed translucent door.
     2 | D:1      | Noticed a jelly
    23 | D:1      | Reached skill level 4 in Axes
    23 | D:1      | Reached XP level 2. HP: 27/27 MP: 1/1
    26 | D:1      | Reached XP level 3. HP: 34/34 MP: 2/2
   499 | D:1      | Reached ** piety under Trog
   582 | D:1      | Reached XP level 4. HP: 37/41 MP: 3/3
  1487 | D:2      | Reached skill level 5 in Axes
  1516 | D:2      | Noticed a phantom
  1530 | D:2      | Killed a phantom
  1531 | D:2      | Reached XP level 5. HP: 31/47 MP: 4/4
  2120 | D:2      | Reached skill level 1 in Shields
  2381 | D:2      | Found a faded altar of an unknown god.
  2794 | D:3      | Reached skill level 5 in Fighting
  2900 | D:3      | HP: 2/48 [poisoned by an adder]
  3398 | D:3      | Noticed Terence
  3403 | D:3      | Killed Terence
  3623 | D:3      | Reached *** piety under Trog
  3751 | D:3      | Found Xium's Jewellery Emporium.
  4242 | D:4      | Found a broken altar of Ashenzari.
  4250 | D:4      | Reached XP level 6. HP: 38/56 MP: 5/5
  4349 | D:4      | You fall into a shaft and drop 3 floors!
  4414 | D:7      | Noticed Joseph
  4418 | D:7      | Noticed an orc warrior
  4419 | D:7      | Reached skill level 6 in Axes
  4422 | D:7      | HP: 1/56 [Joseph/sling bullet (5)]
  4424 | D:7      | Slain by an orc warrior

Illustrated notes

Levels and vault maps discovered:
D:1:      dpeg_arrival_caged_fury, layout_loops_ring, minivault_11, hex_large
D:2:      layout_basic, shapermc_ecumenical_altar_petra
D:3:      layout_loops_cross, serial_shops, nicolae_shop_crystal, st_stairs_2,
          minmay_rat_hole, uniq_terence
D:4:      layout_basic, evilmike_ruin_ashenzari, uniq_edmund
D:7:      layout_rooms, uniq_joseph, uniq_maggie

Skill      XL: |  1  2  3  4  5  6 |
---------------+-------------------+-----
Axes           | 4 5 6 |  6.2
Fighting       | 4 5 |  5.7
Shields        | 2 |  2.3
Dodging        | 3 |  3.3
Armour         | |  2.7
Stealth        | |  0.6

Action                   |  1- 3 |  4- 6 || total
-------------------------+-------+-------++-------
Melee: Hand axe          |    52 |   115 ||   167
       Headbutt          |     7 |    12 ||    19
Invok: Berserk           |     1 |     2 ||     3
  Use: Scroll            |       |     4 ||     4
Armor: Animal skin       |     9 |    22 ||    31
Dodge: Dodged            |    28 |    50 ||    78
Block: Tower shield      |       |    83 ||    83

Table legend: (Time is in decaauts)
 A = Elapsed time spent in this place.
 B = Non-inter-level travel time spent in this place.
 C = Inter-level travel time spent in this place.
 D = Time resting spent in this place.
 E = Time spent auto-exploring this place.
 F = Levels seen in this place.
 G = Mean time per level.
                   A        B        C        D        E       F      G
               +--------+--------+--------+--------+--------+-----+--------+
         Total |   4504 |   4504 |      0 |    811 |      0 |   5 |  900.8 |
       Dungeon |   4504 |   4504 |      0 |    811 |      0 |   5 |  900.8 |
               +--------+--------+--------+--------+--------+-----+--------+

Top non-repeatable levels by time:
     D:2: 1607 daAuts
     D:3: 1477 daAuts
     D:1: 1190 daAuts
     D:4: 152 daAuts
     D:7: 77 daAuts
